 Dungeon Crawl Stone Soup version 0.20-a0-893-g832831a (webtiles) character file.

20237 JeffiDaFish the Geomancer (level 12, -8/70 HPs)
             Began as a Gargoyle Earth Elementalist on Mar 16, 2017.
             Was an Elder of Sif Muna.
             Mangled by a polar bear (12 damage)
             ... on level 4 of the Lair of Beasts on Mar 18, 2017.
             The game lasted 00:48:50 (16712 turns).

JeffiDaFish the Geomancer (GrEE)                   Turns: 16712, Time: 00:48:51

Health: -8/70      AC: 19    Str: 14    XL:     12   Next: 77%
Magic:  0/25       EV: 13    Int: 20    God:    Sif Muna [****..]
Gold:   627        SH:  6    Dex: 14    Spells: 18/30 levels left

rFire    . . .     SeeInvis .   C - +3 double sword of Honour {flame, rPois Int+3}
rCold    . . .     Gourm    .   y - +0 steam dragon scales
rNeg     + . .     Faith    .   x - +0 buckler
rPois    ∞         Spirit   +   o - +0 helmet
rElec    +         Reflect  .   z - scarf {Spirit}
rCorr    .         Harm     .   (no gloves)
MR       .....                  (no boots)
Stlth    ++........             q - amulet of guardian spirit
Regen    0.3/turn               A - ring of wizardry
MPRegen  0.2/turn               t - +2 ring of intelligence

@: no status effects
A: iridescent scales 1, rugged brown scales 1, dopey 1, negative energy
resistance 1, electricity resistance, strong 1, unbreathing, petrification
resistance, rot immunity, AC +8
a: Divine Energy, Channel Magic, Forget Spell, Renounce Religion


You were on level 4 of the Lair of Beasts.
You worshipped Sif Muna.
Sif Muna was greatly pleased with you.
You were hungry.

You visited 3 branches of the dungeon, and saw 13 of its levels.

You collected 627 gold pieces.

Inventory:

Hand Weapons
 v - a +0 flail of crushing
 C - the +3 double sword of Honour (weapon) {flame, rPois Int+3}
   (You acquired it on level 4 of the Lair of Beasts)

   It has been specially enchanted to burn those struck by it, causing extra
   injury to most foes and up to half again as much damage against particularly
   susceptible opponents.
   Big, fiery blades are also staple armaments of hydra-hunters.
   It affects your intelligence (+3).
   It protects you from poison.
Missiles
 g - 21 stones (quivered)
Armour
 o - a +0 helmet (worn)
 r - a +0 cloak
 x - a +0 buckler (worn)
 y - +0 steam dragon scales (worn)
 z - a scarf of spirit shield (worn)
Jewellery
 q - an amulet of guardian spirit (around neck)
 t - a +2 ring of intelligence (left hand)
 A - a ring of wizardry (right hand)
Scrolls
 c - 4 scrolls of teleportation
 h - 4 scrolls of amnesia
 j - 5 scrolls of identify
 k - 2 scrolls of fog
 m - 3 scrolls of remove curse
 w - a scroll of recharging
Potions
 b - a potion of magic
 f - a potion of berserk rage
 n - 2 potions of haste
 s - a potion of curing
 u - 3 potions of flight
 B - a potion of agility
 E - a potion of brilliance
Books
 e - a book of Geomancy

   Spells                             Type                      Level
   a - Sandblast                      Earth                        1
   b - Passwall                       Transmutation/Earth          2
   c - Stone Arrow                    Conjuration/Earth            3
   d - Petrify                        Transmutation/Earth          4
   e - Lee's Rapid Deconstruction     Earth                        5
 p - a book of Maledictions

   Spells                             Type                      Level
   a - Corona                         Hexes                        1
   b - Ensorcelled Hibernation        Hexes/Ice                    2
   c - Confuse                        Hexes                        3
   d - Tukima's Dance                 Hexes                        3
   e - Dazzling Spray                 Conjuration/Hexes            3
Comestibles
 a - 8 royal jellies
 d - 9 bread rations
 i - 5 meat rations
 l - 5 fruits
 D - 18 chunks of flesh


   Skills:
 + Level 5.2 Fighting
 * Level 2.6 Long Blades
 - Level 4.4 Maces & Flails
 + Level 4.9 Armour
 - Level 3.2 Dodging
 - Level 2.5 Stealth
 - Level 7.1 Shields
 * Level 9.6 Spellcasting
 + Level 7.5 Conjurations
 + Level 5.8 Hexes
   Level 0.7 Transmutations
 * Level 12.7 Earth Magic


You had 18 spell levels left.
You knew the following spells:

 Your Spells              Type           Power        Failure   Level  Hunger
a - Sandblast             Erth           ######       1%          1    None
b - Stone Arrow           Conj/Erth      ######       1%          3    None
c - Lee's Rapid Deconstr  Erth           ######....   1%          5    #####..
d - Confuse               Hex            ####....     1%          3    None


Dungeon Overview and Level Annotations

Branches:
Dungeon (8/15)             Temple (1/1) D:5            Lair (4/6) D:8
  Swamp (0/4) Lair:2       Spider (0/4) Lair:3

Altars:
Ashenzari
Cheibriados
Dithmenos
Elyvilon
Fedhas
Gozag
Hepliaklqana
Kikubaaqudgha
Makhleb
Nemelex Xobeh
Okawaru
Qazlal
Ru
Sif Muna
Trog
Uskayaw
Vehumet
Wu Jian
Xom
Yredelemnul
Zin


Innate Abilities, Weirdness & Mutations

You are resistant to torment.
Your stone body is resilient. (AC +8)
You are immune to poison.
You resist negative energy. (rN+)
You are resistant to electric shocks. (rElec)
You can survive without breathing.
You are immune to petrification.
You are immune to rotting.
You are partially covered in iridescent scales. (AC +2)
You are partially covered in rugged brown scales. (AC +1, +3% HP)
You are dopey. (Int -2)
Your muscles are strong. (Str +2)


Message History

Press: ? - help, Shift-Dir - straight line, f/p - polar bear
Aim: a polar bear (severely wounded, berserk, fast, unusually strong)
The stone arrow hits the polar bear.
The polar bear is almost dead.
The polar bear bites you!!
* * * LOW HITPOINT WARNING * * *
The polar bear claws you but does no damage. x2
Casting: Stone Arrow
Confirm with . or Enter, or press ? or * to list all spells.
You don't have enough magic to cast that spell.
You closely miss the polar bear.
The polar bear is almost dead.
The polar bear closely misses you. You block the polar bear's attack.
The polar bear barely misses you. You block the polar bear's attack.
The polar bear claws you but does no damage.
The polar bear barely misses you.
You closely miss the polar bear.
The polar bear is almost dead.
The polar bear bites you!
You die...

.....## ##P...#..###..###.#.#
......## #....#.......##..###
.....PP# ##..###.###........##
....P..###...#.####..........#
.....####....#..÷#..........##
.....# #.....#...##.##......#
.....###.....##.##..##.....###
.....P#.......#.....###..#...#
.....##......###@..## #.#..###
......#........h#######.####
...##..............##...##
...###...................#
..###...............###..# ###
#..............## .....
##.............# .......
##.............# .......
#..............#


YY..... You could see a polar bear (berserk).

Vanquished Creatures
  Fannar (Lair:3)
  2 hydras
  Nergalle (Lair:4)
  An orb spider (Lair:3)
  2 black mambas
  5 spiny frogs
  A rime drake (Lair:2)
  5 komodo dragons
  4 hippogriffs
  A spriggan (D:7)
  30 yaks
  A steam dragon (Lair:2)
  Grum (D:8)
  A basilisk (Lair:3)
  Menkaure (D:6)
  Edmund (D:5)
  Duvessa (D:7)
  23 water moccasins
  6 porcupines
  2 sky beasts
  3 orc warriors (D:6)
  An ice beast (D:7)
  2 phantoms
  3 ogres
  7 wolves
  3 centaurs
  4 crocodiles
  A big kobold (D:8)
  A gnoll sergeant (D:7)
  5 bullfrogs
  Dowan (D:7)
  8 killer bees (D:7)
  A water moccasin skeleton (D:6)
  A howler monkey (D:6)
  A bullfrog zombie (D:5)
  2 electric eels (Lair:1)
  9 wights
  A crimson imp (D:3)
  2 jellies
  A quasit (D:5)
  6 orc priests
  6 hounds
  Crazy Yiuf (D:4)
  6 orc wizards
  3 iguanas
  4 worker ants
  A hound zombie (D:8)
  2 worker ant zombies
  24 adders
  An ooze (D:3)
  An adder skeleton (D:4)
  2 worms (D:2)
  A dart slug (D:2)
  8 leopard geckos
  31 orcs
  8 ball pythons
  10 giant cockroaches
  10 goblins
  8 hobgoblins
  10 jackals
  3 quokkas
  4 bats (D:2)
  2 frilled lizards
  10 kobolds
  6 rats
315 creatures vanquished.

Vanquished Creatures (others)
  An adder zombie (D:5)
  A fungus (Lair:3)
  5 plants
7 creatures vanquished.

Grand Total: 322 creatures vanquished

Notes
Turn   | Place    | Note
-------+----------+-------------------------------------------
     0 | D:1      | JeffiDaFish the Gargoyle Earth Elementalist began the quest for the Orb.
     0 | D:1      | Reached XP level 1. HP: 10/10 MP: 3/3
    67 | D:1      | Reached skill level 4 in Earth Magic
   121 | D:1      | Reached XP level 2. HP: 15/15 MP: 1/5
   868 | D:2      | Reached XP level 3. HP: 12/19 MP: 1/6
  1368 | D:2      | Reached XP level 4. HP: 24/24 MP: 3/7
  1680 | D:2      | Reached skill level 1 in Maces & Flails
  2098 | D:3      | Reached XP level 5. HP: 24/28 MP: 3/8
  2129 | D:3      | Gained mutation: You are dopey. (Int -2) [potion of mutation]
  2129 | D:3      | Gained mutation: Your muscles are strong. (Str +2) [potion of mutation]
  2129 | D:3      | Gained mutation: You are partially covered in iridescent scales. (AC +2) [potion of mutation]
  2129 | D:3      | Gained mutation: You are partially covered in rugged brown scales. (AC +1, +3% HP) [potion of mutation]
  2271 | D:3      | Reached skill level 1 in Armour
  2450 | D:3      | Learned a level 3 spell: Stone Arrow
  2549 | D:3      | Found an iron altar of Okawaru.
  2557 | D:3      | Reached skill level 1 in Fighting
  2564 | D:3      | Reached skill level 5 in Earth Magic
  2707 | D:3      | Reached XP level 6. HP: 35/35 MP: 7/10
  3250 | D:4      | Noticed a phantom
  3276 | D:4      | Killed a phantom
  3455 | D:4      | Found a shattered altar of Ashenzari.
  3537 | D:4      | Found a runed door.
  3541 | D:4      | Noticed Crazy Yiuf
  3548 | D:4      | Killed Crazy Yiuf
  3548 | D:4      | Reached skill level 1 in Conjurations
  3679 | D:4      | Reached XP level 7. HP: 39/40 MP: 10/12
  3687 | D:4      | Identified the +2 robe of a wizard's laboratory {rElec} (You found it on level 4 of the Dungeon)
  3883 | D:5      | Entered Level 5 of the Dungeon
  4128 | D:5      | Reached skill level 6 in Earth Magic
  4168 | D:5      | Learned a level 5 spell: Lee's Rapid Deconstruction
  4172 | D:5      | Learned a level 3 spell: Confuse
  4426 | D:5      | Reached XP level 8. HP: 46/46 MP: 10/14
  4693 | D:5      | Noticed Edmund
  4701 | D:5      | Killed Edmund
  4833 | D:5      | Found a staircase to the Ecumenical Temple.
  4843 | Temple   | Entered the Ecumenical Temple
  5081 | D:6      | Reached skill level 1 in Hexes
  5245 | D:6      | Reached skill level 7 in Earth Magic
  5844 | D:6      | Reached skill level 5 in Spellcasting
  6053 | D:6      | Reached XP level 9. HP: 53/53 MP: 16/16
  6083 | D:6      | Noticed Menkaure
  6085 | D:6      | Killed Menkaure
  6097 | D:6      | Found an ornate altar of the Wu Jian Council.
  6242 | D:6      | Reached skill level 8 in Earth Magic
  6319 | D:6      | Found a glowing silver altar of Zin.
  7689 | D:7      | Noticed Dowan
  7690 | D:7      | Noticed Duvessa
  7702 | D:7      | Killed Dowan
  7710 | D:7      | Killed Duvessa
  7920 | D:7      | Reached XP level 10. HP: 59/59 MP: 11/19
  7927 | D:7      | Reached skill level 9 in Earth Magic
  8430 | D:8      | Noticed Grum
  8434 | D:8      | Killed Grum
  8466 | D:8      | Reached skill level 1 in Shields
  8712 | D:8      | Found an opulent altar of Gozag.
  8880 | D:8      | Found a staircase to the Lair.
  8971 | D:8      | Found a deep blue altar of Sif Muna.
  8990 | D:8      | Became a worshipper of Sif Muna the Loreminder
  8996 | D:8      | Found a shimmering altar of Xom.
  9000 | D:8      | Found an ancient bone altar of Kikubaaqudgha.
  9031 | D:8      | Found a burning altar of Makhleb.
  9729 | Lair:1   | Entered Level 1 of the Lair of Beasts
  9732 | Lair:1   | Reached skill level 5 in Conjurations
 10534 | Lair:1   | Reached skill level 10 in Earth Magic
 11019 | Lair:2   | Noticed a black mamba
 11027 | Lair:2   | Noticed a spiny frog
 11033 | Lair:2   | Killed a spiny frog
 11033 | Lair:2   | Reached * piety under Sif Muna
 11050 | Lair:2   | Killed a black mamba
 11358 | Lair:1   | Reached XP level 11. HP: 60/63 MP: 2/22
 12219 | Lair:2   | Reached ** piety under Sif Muna
 12289 | Lair:2   | Reached skill level 11 in Earth Magic
 12309 | Lair:2   | Noticed a five-headed hydra
 12318 | Lair:2   | Killed a five-headed hydra
 12318 | Lair:2   | Reached skill level 5 in Shields
 12926 | Lair:2   | Identified the cursed +1 long sword "Fodaun" {speed, +Fly} (You found it on level 2 of the Lair of Beasts)
 13090 | Lair:2   | Found a staircase to the Swamp.
 13557 | Lair:3   | Noticed Fannar
 13600 | Lair:3   | Killed Fannar
 13763 | Lair:3   | Reached skill level 5 in Hexes
 14023 | Lair:3   | Reached XP level 12. HP: 34/69 MP: 8/24
 14051 | Lair:3   | Reached *** piety under Sif Muna
 14076 | Lair:3   | Reached skill level 12 in Earth Magic
 14827 | Lair:3   | Found a hole to the Spider Nest.
 15489 | Lair:4   | Identified a scroll of acquirement
 15490 | Lair:4   | Got a steaming double sword
 15491 | Lair:4   | Identified the +3 double sword of Honour {flame, rPois Int+3} (You acquired it on level 4 of the Lair of Beasts)
 15620 | Lair:4   | Noticed Nergalle
 15636 | Lair:4   | Killed Nergalle
 15738 | Lair:4   | Reached skill level 1 in Long Blades
 15774 | Lair:4   | Reached skill level 5 in Fighting
 16639 | Lair:4   | Noticed an eight-headed hydra
 16678 | Lair:4   | Reached **** piety under Sif Muna
 16707 | Lair:4   | Killed a four-headed hydra
 16712 | Lair:4   | Mangled by a polar bear

Vault maps used:
D:1:      dpeg_arrival_chase, corexii_corridor_pit, lemuel_flame_loot_1
D:2:      first_bread, corexii_shack, minmay_hedge_maze,
          minmay_shallow_snake_nest
D:3:      okawaru_altar_gauntlet_db, gup_sewer_entry_bowl
D:4:      ashenzari_altar_1, uniq_crazy_yiuf_cottage
D:5:      wad_crossroads, lemuel_temple_firewalk_a, grunt_decor_mini_mirrors,
          uniq_edmund
D:6:      lemuel_round_altar, nicolae_overflow_hidden_temple, uniq_menkaure
D:7:      the_bakery, minivault_10, kb_lookout_dungeons_type, uniq_duvessa
D:8:      kennysheep_mini, minmay_overflow_temple_star_quad, dpeg_oklobed_lair,
          basic_altar, uniq_grum
Temple:   zaba_magenta_temple
Lair:1:   serial_bayou_lake_a, lemuel_fruit_fields
Lair:2:   lemuel_reptile_caves, swamp_mist
Lair:3:   nicolae_spider_entry_orb_guardian, serial_bayou_shore_b, uniq_fannar
Lair:4:   beast_lair_carwin_7, uniq_nergalle

Skill      XL: |  1  2  3  4  5  6  7  8  9 10 11 12 |
---------------+-------------------------------------+-----
Earth Magic    | 4 5 6 7 8 10 11 12 | 12.7
Dodging        | 2 3 |  3.2
Maces & Flails | 1 2 3 4 |  4.4
Armour         | 1 2 4 |  4.9
Fighting       | 1 2 3 4 5 |  5.2
Spellcasting   | 3 4 5 6 7 8 9 |  9.6
Conjurations   | 1 2 3 4 5 6 7 |  7.5
Hexes          | 1 3 4 5 |  5.8
Shields        | 4 6 7 |  7.1
Long Blades    | 2 |  2.6
Stealth        | |  2.5
Transmutations | |  0.7

Action                   |  1- 3 |  4- 6 |  7- 9 | 10-12 || total
-------------------------+-------+-------+-------+-------++-------
Melee: Unarmed           |    12 |       |       |       ||    12
       Whip              |   204 |   118 |       |       ||   322
       Flail             |       |   214 |   309 |   681 ||  1204
       Double sword      |       |       |       |   102 ||   102
 Cast: Sandblast         |    26 |    56 |   117 |    87 ||   286
       Stone Arrow       |       |     2 |    24 |    99 ||   125
       Confuse           |       |       |     1 |     5 ||     6
       Lee's Rapid Decon |       |       |       |     3 ||     3
  Use: Potion            |     2 |     8 |     6 |     4 ||    20
       Scroll            |     5 |     1 |     5 |    10 ||    21
 Stab: Sleeping          |       |     3 |     1 |     5 ||     9
       Distracted        |       |       |       |     1 ||     1
  Eat: Chunk             |     2 |    10 |    15 |    22 ||    49
       Fruit             |       |       |     1 |       ||     1
       Meat ration       |       |       |       |     1 ||     1
       Bread ration      |       |       |       |     1 ||     1
Armor: Robe              |     8 |       |       |       ||     8
       Leather armour    |    68 |   217 |   124 |       ||   409
       Ring mail         |       |       |   157 |   173 ||   330
       Steam dragon scal |       |       |       |   309 ||   309
Dodge: Dodged            |   114 |   302 |   359 |   637 ||  1412
Block: Buckler           |       |       |       |   261 ||   261
       Rpst.: Double sword |       |       |       |    19 ||    19
